AoeStats
← Lord_Wilfredo

Arena

507633903Analyzed
1v1 RM · 13d ago on Sep 19, 2026· 42m 18s· 2 players
Game mode
Random Map
Map size
Tiny (2 player)
Population
200
Speed
Normal
Resources
Standard
Victory
Conquest
Starting age
Dark Age
Ending age
Imperial Age
RankedLock teamsTeams togetherTeam positionsShared explorationLock speedFull tech treeHidden civsTurbo modeCheats
Victory
Defeat
🇦🇷 Spanish · Argentina
1281
+16
🇪🇬 Cumans · Egypt
1291
-16
Lord_Wilfredo
10:53 Feudal Age
12:25 Loom
15:37 Castle Age
14:20 Double-Bit Axe
14:43 Horse Collar
16:33 Bow Saw
32:01 Imperial Age
30:03 Padded Archer Armor
29:53 Pikeman
30:21 Town Watch
31:11 Bloodlines
33:14 Wheelbarrow
33:05 Conscription
34:33 Chemistry
34:55 Leather Archer Armor
34:46 Scale Barding Armor
36:36 Ring Archer Armor
36:23 Fletching
36:44 Elite Skirmisher
37:24 Elite Conquistador
Imeqra
9:43 Feudal Age
10:27 Double-Bit Axe
13:32 Wheelbarrow
12:45 Horse Collar
18:17 Loom
18:18 Town Watch
21:10 Castle Age
20:02 Bloodlines
20:16 Scale Barding Armor
20:10 Stone Mining
21:15 Gold Mining
22:25 Chain Barding Armor
22:29 Bow Saw
23:35 Forging
28:32 Heavy Plow
28:53 Fletching
29:08 Padded Archer Armor
29:50 Hand Cart
30:11 Bodkin Arrow
30:32 Leather Archer Armor
33:33 Imperial Age
32:10 Thumb Ring
33:06 Capped Ram
34:53 Plate Barding Armor
34:46 Ballistics
35:27 Chemistry
34:31 Cavalier
35:49 Conscription
35:34 Steppe Husbandry
37:20 Guilds
38:20 Two-Man Saw
37:52 Crop Rotation
37:59 Gold Shaft Mining
39:30 Elite Kipchak
Connection lost

Rejoining the realm…

Still unreachable

The connection could not be restored.

Session expired

The server has moved on; the page needs a fresh start.